 Dungeon Crawl Stone Soup version 0.27-a0-1116-g91b3acb402 (webtiles) character file.

Game seed: 6505285299867291227

1592 spiderkeys the Gusty (level 8, -7/48 HPs)
             Began as a Tengu Air Elementalist on May 2, 2021.
             Killed from afar by Dowan (12 damage)
             ... with a shard of ice
             ... on level 6 of the Dungeon.
             The game lasted 00:16:01 (9885 turns).

spiderkeys the Gusty (Tengu Air Elementalist)       Turns: 9885, Time: 00:16:02

Health: -7/48      AC: 10    Str:  9    XL:     8   Next: 93%
Magic:  3/15       EV: 17    Int: 17    God:
Gold:   229        SH:  0    Dex: 15    Spells: 5/15 levels left

rFire    . . .     SeeInvis .   e - +1 mace (protect)
rCold    . . .     Faith    .   (no shield)
rNeg     . . .     Spirit   .   a - +0 robe
rPois    .         Reflect  .   (helmet restricted)
rElec    .         Harm     .   b - +0 cloak
rCorr    .         Rampage  .   (no gloves)
Will     .....                  (boots unavailable)
Stlth    ++........             (no amulet)
HPRegen  0.16/turn              (no ring)
MPRegen  0.14/turn              (no ring)

@: mighty, under a protective aura, flying quickly and evasively, quick
A: beak, talons 3, nimble flight
a: no special abilities


You were on level 6 of the Dungeon.
You visited 1 branch of the dungeon, and saw 6 of its levels.
You also visited: Ossuary.

You collected 229 gold pieces.


Innate Abilities, Weirdness & Mutations

You have a beak for a mouth.
You have claws for feet.
Your magical nature lets you fly swiftly and evasively.


   Skills:
 + Level 4.9 Fighting
 + Level 5.9 Dodging
 - Level 2.0 Stealth
 - Level 4.0 Spellcasting
 + Level 6.9 Conjurations
 + Level 7.6 Air Magic


You had 5 spell levels left.
You knew the following spells:

 Your Spells              Type           Power      Damage    Failure   Level
a - Airstrike             Air            14%        N/A       7%          4
i - Swiftness             Air            29%        N/A       1%          3
t - Static Discharge      Conj/Air       28%        N/A       1%          2
z - Shock                 Conj/Air       100%       1d9       1%          1

Your spell library contained the following spells:

 Spells                   Type           Power      Damage    Failure   Level
 Dazzling Flash           Conj/Hex       30%        N/A       12%         3
 Corona                   Hex            3%         N/A       16%         1
 Lightning Bolt           Conj/Air       14%        1d27      22%         5
 Ensorcelled Hibernation  Hex/Ice        6%         N/A       24%         2
 Confusing Touch          Hex            3%         N/A       43%         3
 Tukima's Dance           Hex            3%         N/A       43%         3

Inventory:

Hand Weapons
 e - a +1 mace of protection (weapon)
   (You found it on level 2 of the Dungeon)
Missiles
 d - 109 stones
 j - a throwing net {=f!f}
 k - 63 sling bullets
 l - 44 arrows
Armour
 a - a +0 robe (worn)
 b - a +0 cloak (worn)
   (You took it off Crazy Yiuf on level 3 of the Dungeon)
Scrolls
 f - 2 scrolls of amnesia
 h - 2 scrolls of teleportation {@r4}
 i - a scroll of holy word
Potions
 c - 2 potions of mutation {!q}
 g - a potion of curing {@q1}
 o - a potion of heal wounds {@q2}

Dungeon Overview and Level Annotations

Branches:
Dungeon (6/15)            Ossuary (visited)
 Temple: D:4-7

Altars:
Hepliaklqana
Sif Muna
Xom

Shops:
D:1 *

Annotations:
D:6 Dowan

# #.####
#....#
#<# #.#
#.# #.#
.######e#
......)@#
#########


You could see Dowan (fast).


Message History

Duvessa, Sister of Dowan comes into view.
She is wielding a +2 rapier of protection and wearing a +1 leather armour of poison resistance.
Casting: Static Discharge (safe; 1% risk of failure)
Confirm with . or Enter, or press ? or * to list all spells.
Aiming: Airstrike (dangerous; 7% risk of failure)
Press: ? - help, Dir - move target, f - Duvessa
Aim: Duvessa, wielding a +2 rapier of protection and wearing a +1 leather armour of poison resistance (asleep)
The air twists around and strikes Duvessa!
Duvessa shouts!
Dowan, Brother of Duvessa comes into view.
He is wielding a +0 dagger. 😎 MP[-4]
You lost 4 mp, and now have 11/15 mp.
Casting: Airstrike (dangerous; 7% risk of failure)
Confirm with . or Enter, or press ? or * to list all spells.
Aiming: Airstrike (dangerous; 7% risk of failure)
Press: ? - help, Dir - move target, f/p - Duvessa
Aim: Duvessa, wielding a +2 rapier of protection and wearing a +1 leather armour of poison resistance (moderately wounded)
The air twists around and strikes Duvessa!
Dowan shouts!
Dowan gestures at Duvessa while chanting.
Duvessa seems to speed up.
Duvessa drinks a potion.
Duvessa is healed! 😎 MP[-4]
You lost 4 mp, and now have 7/15 mp.
Casting: Airstrike (dangerous; 7% risk of failure)
Confirm with . or Enter, or press ? or * to list all spells.
Okay, then.
The zap hits Duvessa.
The zap hits Dowan!
Dowan mumbles some strange words.
Dowan blinks! 😎 MP[-1]
You lost 1 mp, and now have 6/15 mp.
The zap hits Dowan but does no damage.
The zap hits Duvessa.
Dowan smirks and points a slender finger.
Dowan misses you. 😎 MP[-1]
You lost 1 mp, and now have 5/15 mp.
Casting: Shock (safe; 1% risk of failure)
Confirm with . or Enter, or press ? or * to list all spells.
Aiming: Airstrike (dangerous; 7% risk of failure)
Press: ? - help, Dir - move target, f - Duvessa, p - Dowan
Aim: Duvessa, wielding a +2 rapier of protection and wearing a +1 leather armour of poison resistance (heavily wounded, fast)
The air twists around and strikes Duvessa. 😎 MP[-4]
You lost 4 mp, and now have 1/15 mp.
Casting: Airstrike (dangerous; 7% risk of failure)
Confirm with . or Enter, or press ? or * to list all spells.
You don't have enough magic to cast this spell.
You hit Duvessa but do no damage.
Your weapon exudes an aura of protection.
You claw Duvessa, but do no damage. You peck Duvessa, but do no damage.
An adder comes into view.
Duvessa misses you. Dowan hits you but does no damage.
Duvessa barely misses you. Dowan hits you with a +0 dagger.
The adder moves out of view. 😕 HP[-2]
You take 2 damage, and now have 46/48 hp.
You barely miss Duvessa.
Duvessa hits you with a +2 rapier of protection.
Duvessa says, "When magic and the sword combine, nothing stands against them."
Duvessa hits you but does no damage.
Dowan hits you with a +0 dagger. 😕 HP[-9] MP[+1]
You take 9 damage, and now have 37/48 hp.
You feel very mighty all of a sudden. Duvessa hits you but does no damage.
Dowan hits you but does no damage.
You closely miss Duvessa.
Duvessa hits you with a +2 rapier of protection!
* * * LOW HITPOINT WARNING * * *
Duvessa completely misses you. Dowan hits you but does no damage.
Duvessa barely misses you. 😨 HP[-13]
You take 13 damage, and now have 24/48 hp.
MASSIVE DAMAGE!! (PAUSE)
You hit Duvessa.
Your weapon exudes an aura of protection.
You claw Duvessa, but do no damage. You peck Duvessa, but do no damage.
Dowan hits you with a +0 dagger.
* * * LOW HITPOINT WARNING * * *
Duvessa hits you with a +2 rapier of protection!
* * * LOW HITPOINT WARNING * * *
Dowan hits you with a +0 dagger.
* * * LOW HITPOINT WARNING * * *
Duvessa barely misses you. 😱 HP[-17]
You take 17 damage, and now have 7/48 hp.
MASSIVE DAMAGE!! (PAUSE)
You closely miss Duvessa. You claw Duvessa, but do no damage.
Duvessa hits you with a +2 rapier of protection.
* * * LOW HITPOINT WARNING * * *
Dowan barely misses you. Duvessa completely misses you. 😱 HP[-3]
You take 3 damage, and now have 4/48 hp.
Okay, then.
You hit Duvessa but do no damage. You peck Duvessa.
You kill Duvessa!
Dowan screams, "No!
Oh no!"
Dowan seems to find hidden reserves of power!
Dowan gestures at you while chanting. The shard of ice hits you!
You die...

Skill      XL: |  1  2  3  4  5  6  7  8 |
---------------+-------------------------+-----
Conjurations   | 2 3 4 5 6 |  6.9
Fighting       | 1 2 3 4 |  4.9
Dodging        | 3 4 5 |  5.9
Air Magic      | 5 6 7 |  7.6
Spellcasting   | 3 4 |  4.0
Stealth        | |  2.0

Action                   |  1- 3 |  4- 6 |  7- 9 || total
-------------------------+-------+-------+-------++-------
Melee: Dagger            |    19 |       |       ||    19
       Peck              |     5 |     2 |    18 ||    25
       Kick              |     1 |     8 |    16 ||    25
       Mace              |       |    30 |    65 ||    95
 Cast: Shock             |    52 |   158 |    58 ||   268
       Static Discharge  |       |    14 |     8 ||    22
       Airstrike         |       |       |    20 ||    20
  Use: Scroll            |       |    10 |     3 ||    13
       Potion            |       |       |     5 ||     5
 Stab: Sleeping          |       |     3 |       ||     3
Armor: Robe              |     4 |     8 |    20 ||    32
       Skin              |       |       |     4 ||     4
Dodge: Dodged            |    20 |    51 |    97 ||   168

Levels and vault maps discovered:
D:1:      psy_arrival_terrarium, layout_loops_ring, serial_shops,
          nicolae_shop_trees
D:2:      layout_basic, serial_co_window_serial, co_window_cross_1,
          co_window_corner_a, co_window_paths_a, co_window_paths_b,
          co_window_paths_b, co_window_broadway_b, co_window_2corner,
          co_window_broadway_c, co_window_broadway_a, co_window_unsneaky_path_b,
          co_window_corner_cb, co_window_unsneaky_path_c, co_window_4corner_a
D:3:      layout_loops_ring, regret_index_temple_of_mockery, uniq_terence,
          uniq_crazy_yiuf_cottage
D:4:      layout_basic, nicolae_overflow_crystal_walls, wad_orctagon
D:5:      layout_loops_cross, serial_bayou, serial_bayou_pond_e,
          serial_bayou_pond_d, serial_bayou_pond_a, serial_bayou_lagoon_b,
          enter_ossuary_4, serial_bayou_lagoon_a, uniq_menkaure, uniq_sigmund,
          uniq_prince_ribbit1, uniq_blork_the_orc
D:6:      corexii_shack_village, layout_loops_ring,
          eat_drink_and_be_merry_uskayaw, minmay_temple_entry_drinking_statues,
          uniq_duvessa, uniq_edmund, uniq_eustachio

Notes
Turn   | Place    | Note
-------+----------+-------------------------------------------
     0 | D:1      | spiderkeys the Tengu Air Elementalist began the quest for
                  | the Orb.
     0 | D:1      | Reached XP level 1. HP: 10/10 MP: 4/4
     0 | D:1      | magus.rc [v1.9.10]
   137 | D:1      | HP: 1/10 [hobgoblin (3)]
   537 | D:1      | Reached XP level 2. HP: 10/16 MP: 1/6
  1090 | D:2      | Reached skill level 2 in Conjurations
  1331 | D:2      | Reached XP level 3. HP: 20/20 MP: 5/7
  1465 | D:2      | Reached skill level 1 in Fighting
  1722 | D:2      | Reached XP level 4. HP: 25/25 MP: 3/8
  2124 | D:2      | Reached skill level 3 in Dodging
  2437 | D:2      | Learned a level 2 spell: Static Discharge
  2723 | D:1      | Gained mutation: Your magical nature lets you fly swiftly
                  | and evasively. [Tengu growth]
  2723 | D:1      | Reached XP level 5. HP: 30/30 MP: 1/10
  2732 | D:1      | Found Bas Goolatte's General Store.
  2927 | D:1      | Reached skill level 3 in Conjurations
  3530 | D:3      | You pick up a book of Maledictions and begin reading...
  3530 | D:3      | You add the spells Corona, Ensorcelled Hibernation,
                  | Confusing Touch, Tukima's Dance and Dazzling Flash to your
                  | library.
  3712 | D:3      | Noticed Terence
  3823 | D:3      | HP: 7/30 [Terence/+0 hand axe (3)]
  3824 | D:3      | Killed Terence
  3825 | D:3      | Reached skill level 2 in Fighting
  3825 | D:3      | Reached skill level 5 in Air Magic
  4299 | D:3      | Reached skill level 3 in Spellcasting
  4357 | D:3      | Reached XP level 6. HP: 21/35 MP: 3/11
  4867 | D:3      | Noticed a black bear
  4877 | D:3      | Killed a black bear
  4878 | D:3      | Reached skill level 4 in Conjurations
  5176 | D:3      | Found a runed translucent door.
  5177 | D:3      | Noticed Crazy Yiuf
  5239 | D:3      | Found a hazy altar of Hepliaklqana.
  5240 | D:3      | Found a shimmering altar of Xom.
  5241 | D:3      | Noticed a spectral ugly thing
  5841 | D:4      | Found a shimmering blue altar of Sif Muna.
  6014 | D:4      | Learned a level 4 spell: Airstrike
  6464 | D:5      | Entered Level 5 of the Dungeon
  6468 | D:5      | Noticed Menkaure
  6688 | D:5      | Killed Menkaure
  6689 | D:5      | Reached skill level 3 in Fighting
  6689 | D:5      | Reached skill level 4 in Dodging
  6689 | D:5      | Reached XP level 7. HP: 34/41 MP: 4/13
  6769 | D:5      | Found a sand-covered staircase.
  6776 | Ossuary  | Entered an ossuary
  6789 | Ossuary  | HP: 7/41 [mummy (17)]
  7073 | Ossuary  | Reached skill level 6 in Air Magic
  7353 | D:5      | Noticed Prince Ribbit
  7605 | D:5      | Reached skill level 5 in Conjurations
  7706 | D:5      | Noticed Sigmund
  7955 | D:5      | Killed Sigmund
  7956 | D:5      | Reached skill level 4 in Spellcasting
  7956 | D:5      | Reached XP level 8. HP: 39/48 MP: 3/15
  7996 | D:5      | Reached skill level 4 in Fighting
  7996 | D:5      | Reached skill level 5 in Dodging
  8133 | D:5      | Noticed Blork the orc
  8142 | D:5      | Killed Blork the orc
  8143 | D:5      | Reached skill level 6 in Conjurations
  8451 | D:5      | Killed Prince Ribbit
  8452 | D:5      | Reached skill level 7 in Air Magic
  8773 | D:5      | Learned a level 3 spell: Swiftness
  8878 | D:5      | Identified the +0 tower shield "Kah Etyr" {Str+4}
  9599 | D:3      | Killed Crazy Yiuf
  9873 | D:6      | Noticed Duvessa
  9874 | D:6      | Noticed Dowan
  9883 | D:6      | HP: 10/48 [Duvessa/+2 rapier of protection (8)]
  9884 | D:6      | HP: 4/48 [Duvessa/+2 rapier of protection (3)]
  9885 | D:6      | Killed Duvessa
  9885 | D:6      | Killed from afar by Dowan

Vanquished Creatures
  Prince Ribbit (D:5)
  Sigmund (D:5)
  Menkaure (D:5)
  Duvessa (D:6)
  A black bear (D:3)
  A necrophage (D:5)
  A centaur (D:5)
  Blork the orc (D:5)
  A scorpion (D:5)
  A water moccasin zombie (D:5)
  A jelly (D:2)
  2 centaur zombies (Ossuary)
  A hound (D:5)
  Crazy Yiuf (D:3)
  2 orc priests
  A gnoll shaman (D:5)
  2 bullfrog skeletons
  Terence (D:3)
  2 iguanas
  6 mummies (Ossuary)
  9 gnolls
  3 adders
  An ufetubus (D:5)
  3 dart slugs
  9 orcs
  5 ball pythons
  6 endoplasms
  2 giant cockroaches
  7 hobgoblins
  12 jackals
  6 quokkas
  5 bats
  6 frilled lizards
  9 goblins
  6 hobgoblin zombies (Ossuary)
  11 kobolds
  7 rats
  2 rat zombies (D:5)
138 creatures vanquished.

Vanquished Creatures (others)
  50 plants (D:5)
50 creatures vanquished.

Grand Total: 188 creatures vanquished

Table legend:
 A = Non-vault XP
 B = Vault XP
 C = Vault XP percentage of total XP
 D = Non-vault monster count
 E = Vault monster count
 F = Vault count percentage of total count
                 A         B        C        D         E       F
            +---------+---------+-------+---------+---------+-------
      Total |    1203 |    1207 |  50.1 |     111 |      27 |  19.6
            +---------+---------+-------+---------+---------+-------
        D:1 |      56 |       0 |   0.0 |      32 |       0 |   0.0
        D:2 |     142 |       0 |   0.0 |      27 |       0 |   0.0
        D:3 |     267 |      77 |  22.4 |      27 |       2 |   6.9
        D:4 |      74 |      12 |  14.0 |       8 |       4 |  33.3
        D:5 |     664 |     773 |  53.8 |      17 |       6 |  26.1
        D:6 |       0 |     135 | 100.0 |       0 |       1 | 100.0
    Ossuary |       0 |     210 | 100.0 |       0 |      14 | 100.0
            +---------+---------+-------+---------+---------+-------

Illustrated notes

Table legend:
 A = Kills in this place as a percentage of kills in entire the game.
 B = Kills by you in this place as a percentage of kills by you in the entire game.
 C = Kills by friends in this place as a percentage of kills by friends in the entire game.
 D = Other kills in this place as a percentage of other kills in the entire game.
 E = Experience gained in this place as a percentage of experience gained in the entire game.
 F = Experience gained in this place divided by the number of levels of this place that you have seen.
                   A       B       C       D       E      F
               +-------+-------+-------+-------+-------+----------------------
         Total | 100.0 | 100.0 |   N/A |   N/A | 100.0 | 344.3
       Dungeon |  89.9 |  89.9 |   N/A |   N/A |  91.3 | 366.7
       Ossuary |  10.1 |  10.1 |   N/A |   N/A |   8.7 | 210.0
               +-------+-------+-------+-------+-------+----------------------

Table legend: (Time is in decaauts)
 A = Elapsed time spent in this place.
 B = Non-inter-level travel time spent in this place.
 C = Inter-level travel time spent in this place.
 D = Time resting spent in this place.
 E = Time spent auto-exploring this place.
 F = Levels seen in this place.
 G = Mean time per level.
                   A        B        C        D        E       F      G
               +--------+--------+--------+--------+--------+-----+--------+
         Total |   9604 |   9217 |    387 |   1379 |   6827 |   7 | 1372.0 |
       Dungeon |   9049 |   8662 |    387 |    939 |   6788 |   6 | 1508.2 |
       Ossuary |    555 |    555 |      0 |    440 |     38 |   1 |  555.0 |
               +--------+--------+--------+--------+--------+-----+--------+

Top non-repeatable levels by time:
     D:3: 2098 daAuts
     D:2: 1906 daAuts
     D:5: 1811 daAuts
     D:4: 1653 daAuts
     D:1: 1561 daAuts
 Ossuary: 555 daAuts
     D:6: 18 daAuts
